cohdb
Replays
Latest Replays
All Replays
Popular Replays
Top Player Replays
Match Explorer
How It Works
Community
CoH3 Stats
Reddit
Sign in to upload your games and track your stats! →
Sign in with Steam
Match 45227452
Unlisted
Match 45227452
Overview
Messages
Build Orders
End
Construct Barracks
Riflemen Squad
Riflemen Squad
1⁄4-ton 4x4 Truck
Engineer Squad
Riflemen Squad
Construct Medical Station
Infantry Support Center
Selects Advanced Infantry Battlegroup
Selects Convert to Ranger Squad
Selects Artillery Observers
Riflemen Squad
Convert to Ranger Squad
Construct Weapon Support Center
Selects Designate Assault Position
Bazooka Squad
Captain Retinue
Survival Training
Improved M9 Bazooka Rockets
Selects Infantry Assault
Selects Ranger Weapon Training
Convert to Ranger Squad
Advanced Logistics
Ranger Squad
Selects M2A1 105mm Howitzer Emplacement
Artillery Observer Squad
Riflemen Squad
Selects 155mm Rapid Artillery Barrage
M1919 Machine Gun Team
slapsh2
MasterStef
0
0
Comments
sign in to comment!
No comments posted yet!